 Dungeon Crawl Stone Soup version 0.22-a0-48-g8770677 (webtiles) character file.

11686 gmonis the Bludgeoner (level 11, -1/83 HPs)
             Began as a Minotaur Berserker on Jan 7, 2018.
             Was a High Priest of Trog.
             Slain by an orc warrior
             ... wielding a +0 scimitar
              (13 damage)
             ... on level 11 of the Dungeon.
             The game lasted 00:34:24 (12361 turns).

gmonis the Bludgeoner (Minotaur Berserker)         Turns: 12361, Time: 00:34:25

Health: -1/83      AC: 11    Str: 29    XL:     11   Next: 52%
Magic:  10/10      EV:  8    Int:  4    God:    Trog [*****.]
Gold:   709        SH:  0    Dex:  9    Spells: 10/10 levels left

rFire    . . .     SeeInvis .   a - +1 great mace (drain)
rCold    . . .     Gourm    +   (shield currently unavailable)
rNeg     . . .     Faith    .   I - +0 plate armour
rPois    .         Spirit   .   (helmet restricted)
rElec    .         Reflect  .   (no cloak)
rCorr    .         Harm     .   (no gloves)
MR       ++...                  (no boots)
Stlth    ..........             T - amulet of the gourmand
HPRegen  1.23/turn              d - +3 ring of strength
MPRegen  0.12/turn              (no ring)

@: regenerating
A: retaliatory headbutt, horns 2
a: Berserk, Trog's Hand, Brothers in Arms, Burn Spellbooks, Renounce Religion


You were on level 11 of the Dungeon.
You worshipped Trog.
Trog was extremely pleased with you.
You were not hungry.

You visited 2 branches of the dungeon, and saw 12 of its levels.
You also visited: Sewer and Ossuary.

You collected 709 gold pieces.

Inventory:

Hand Weapons
 a - a +1 great mace of draining (weapon)
 b - a +0 flail of protection
Missiles
 e - 400 stones (quivered)
Armour
 I - a +0 plate armour (worn)
Jewellery
 d - a +3 ring of strength (left hand)
 i - an uncursed ring of ice
 T - an amulet of the gourmand (around neck)
Wands
 l - a wand of paralysis (10)
 m - a wand of flame (16)
 H - a wand of disintegration (12)
 L - a wand of random effects (22)
 S - a wand of iceblast (11)
 X - a wand of acid (7)
 Z - a wand of polymorph (20)
Scrolls
 f - a scroll of enchant armour
 j - 5 scrolls of teleportation
 o - 3 scrolls of fear
 v - 4 scrolls of remove curse
 x - a scroll of summoning {unknown}
 y - 4 scrolls of magic mapping
 F - 2 scrolls of noise {unknown}
 K - 2 scrolls of fog {unknown}
 Q - a scroll of blinking
 U - 4 scrolls of identify
 Y - a scroll of enchant weapon {unknown}
Potions
 g - 2 potions of agility {unknown}
 h - a potion of heal wounds {unknown}
 k - 2 potions of degeneration {unknown}
 n - 2 potions of curing {unknown}
 p - 5 potions of mutation {unknown}
 q - 3 potions of lignification {unknown}
 B - 2 potions of brilliance {unknown}
 C - 2 potions of berserk rage {unknown}
 D - 5 potions of flight {unknown}
 M - 2 potions of haste {unknown}
 N - a potion of resistance {unknown}
 R - 2 potions of invisibility {unknown}
Books
 w - a book of Necromancy

   Spells                             Type                      Level
   a - Pain                           Necromancy                   1
   b - Animate Skeleton               Necromancy                   1
   c - Vampiric Draining              Necromancy                   3
   d - Regeneration                   Charms/Necromancy            3
   e - Animate Dead                   Necromancy                   4
   f - Borgnjor's Vile Clutch         Necromancy/Earth             5
   Trog disapproves of the use of such an item.
 O - a book of Cantrips

   Spells                             Type                      Level
   a - Confusing Touch                Hexes                        1
   b - Animate Skeleton               Necromancy                   1
   c - Summon Small Mammal            Summoning                    1
   d - Apportation                    Translocation                1
   Trog disapproves of the use of such an item.
 P - a book of Debilitation

   Spells                             Type                      Level
   a - Corona                         Hexes                        1
   b - Slow                           Hexes                        2
   c - Inner Flame                    Hexes/Fire                   3
   d - Portal Projectile              Hexes/Translocation          3
   e - Cause Fear                     Hexes                        4
   f - Leda's Liquefaction            Hexes/Earth                  4
   Trog disapproves of the use of such an item.
Miscellaneous
 W - a phantom mirror
Comestibles
 c - 13 rations


   Skills:
 + Level 3.9 Fighting
 - Level 20.0 Maces & Flails
 + Level 2.5 Armour
 + Level 2.3 Dodging


You had 10 spell levels left.
You didn't know any spells.

Dungeon Overview and Level Annotations

Branches:
Dungeon (11/15)            Temple (1/1) D:5            Lair (0/6) D:11
    Orc (0/2) D:11

Altars:
Ashenzari
Cheibriados
Dithmenos
Fedhas
Hepliaklqana
Kikubaaqudgha
Makhleb
Nemelex Xobeh
Okawaru
Qazlal
Ru
Sif Muna
Trog
Uskayaw
Vehumet
Wu Jian
Xom
Yredelemnul
The Shining One


Innate Abilities, Weirdness & Mutations

You reflexively headbutt those who attack you in melee.
You have a pair of horns on your head.


Message History

The orc priest invokes the aid of Beogh against you.
Beogh smites you!
You climb downwards.
There is a stone staircase leading up here.
You hammer the yak like a gong!!! Your headbutt misses the yak.
The yak is almost dead.
The yak gores you.
You hit the yak.
You kill the yak!
Trog accepts your kill.
Training target 20.0 for Maces & Flails reached!
Your Maces & Flails skill increases to level 20!
You need to enable at least one skill for training.
The orc warrior hits you with a scimitar!
* * * LOW HITPOINT WARNING * * *
Your skin crawls.
You feel resistant to hostile enchantments.
You feel somewhat more hungry.
The orc warrior hits you with a scimitar!
You die...

#.....# #.###.# #.# ♣.♣
#.#♣♣.♣♣### ##########
#.........# #.........
#######.#♣♣.♣♣#.# #.........
#.......# ♣.♣ #.# #.........
#.......###.###o########.........
...............†@................
..............######.............
........##'##.# #.............
........#...#.# #.......######
######..#...#.# #.......# #
#..#...#.# #.......# # #..#..)+.#
#)..=...# # #..#...#.# #.......#
# #.)#...#########......######


You could see an orc warrior.

Vanquished Creatures
  Gastronok (D:8)
  A hydra (D:11)
  A two-headed ogre (D:8)
  A deep elf mage (D:10)
  A komodo dragon (D:11)
  2 trolls
  Prince Ribbit (D:8)
  Sigmund (D:4)
  A shadow (D:11)
  A human (D:10)
  A wyvern (D:8)
  2 hogs (D:10)
  7 yaks
  Grum (D:11)
  2 hungry ghosts
  A warg (D:11)
  Menkaure (D:4)
  The ghost of anet the Magician, an amateur DEWz (D:4)
  2 water moccasins
  Purgy (Sewer)
  An orc warrior (D:11)
  2 sky beasts
  3 phantoms
  A black bear (D:9)
  5 ice beasts
  An ogre (D:11)
  3 wolves (D:11)
  3 centaurs
  A big kobold (D:7)
  An elf zombie (Ossuary)
  4 bullfrogs
  An elf skeleton (D:5)
  A water moccasin skeleton (D:4)
  5 howler monkeys
  7 wights
  2 centaur zombies
  4 crimson imps
  A quasit (D:8)
  A jelly (D:8)
  4 centaur skeletons
  5 human zombies
  2 orc priests (D:3)
  Crazy Yiuf (D:6)
  3 hounds
  11 orc wizards
  5 iguanas
  Natasha (thrice) (D:4)
  A human skeleton (D:5)
  2 worker ants
  A big kobold zombie (Ossuary)
  2 hound zombies
  A hound skeleton (D:4)
  2 mummies (Ossuary)
  A howler monkey zombie (D:6)
  3 gnolls (D:3)
  A worker ant zombie (D:10)
  14 adders
  An ooze (D:1)
  3 adder zombies (Ossuary)
  An adder skeleton (D:5)
  3 worms
  A dart slug (D:3)
  7 leopard geckos
  40 orcs
  4 bats
  11 giant cockroaches
  A gnoll zombie (Ossuary)
  9 goblins
  7 hobgoblins
  4 jackals (D:1)
  7 quokkas
  7 ball pythons
  9 frilled lizards
  4 goblin zombies (Ossuary)
  4 hobgoblin zombies (Ossuary)
  A jackal skeleton (D:7)
  5 jackal zombies (Ossuary)
  18 kobolds
  7 kobold zombies (Ossuary)
  An orc skeleton (D:5)
  5 quokka zombies
  10 rats
  2 rat zombies (Ossuary)
311 creatures vanquished.

Vanquished Creatures (others)
  2 plants (D:11)
2 creatures vanquished.

Grand Total: 313 creatures vanquished

Notes
Turn   | Place    | Note
-------+----------+-------------------------------------------
     0 | D:1      | gmonis the Minotaur Berserker began the quest for the Orb.
     0 | D:1      | Reached XP level 1. HP: 19/19 MP: 0/0
   314 | D:1      | Reached skill level 4 in Maces & Flails
   314 | D:1      | Reached XP level 2. HP: 27/27 MP: 1/1
   774 | D:1      | Reached ** piety under Trog
   780 | D:1      | Reached XP level 3. HP: 18/33 MP: 2/2
  1104 | D:2      | Reached skill level 5 in Maces & Flails
  1762 | D:2      | Reached XP level 4. HP: 28/40 MP: 3/3
  2206 | D:3      | Reached skill level 6 in Maces & Flails
  2210 | D:3      | Reached XP level 5. HP: 46/46 MP: 4/4
  2217 | D:3      | Reached skill level 7 in Maces & Flails
  2424 | D:3      | Reached *** piety under Trog
  2724 | D:3      | Reached XP level 6. HP: 49/52 MP: 5/5
  2728 | D:3      | Reached skill level 8 in Maces & Flails
  3039 | D:3      | Reached **** piety under Trog
  3411 | D:4      | Noticed Natasha
  3415 | D:4      | Killed Natasha
  3479 | D:4      | Reached skill level 9 in Maces & Flails
  3496 | D:4      | Noticed Natasha
  3503 | D:4      | Killed Natasha
  3559 | D:4      | Reached XP level 7. HP: 10/58 MP: 6/6
  3816 | D:4      | Noticed anet's ghost (amateur DEWz)
  3823 | D:4      | Killed anet's ghost
  3823 | D:4      | Reached skill level 10 in Maces & Flails
  3854 | D:4      | Noticed Sigmund
  3857 | D:4      | Noticed Natasha
  3862 | D:4      | Killed Sigmund
  3864 | D:4      | Killed Natasha
  4032 | D:4      | Reached skill level 11 in Maces & Flails
  4078 | D:4      | Reached XP level 8. HP: 55/66 MP: 7/7
  4139 | D:4      | Noticed Menkaure
  4146 | D:4      | Killed Menkaure
  4868 | D:5      | Entered Level 5 of the Dungeon
  4895 | D:5      | Reached skill level 12 in Maces & Flails
  4908 | D:5      | Reached ***** piety under Trog
  5016 | D:5      | Found a sand-covered staircase.
  5032 | Ossuary  | Entered an ossuary
  5154 | Ossuary  | Received a gift from Trog
  5170 | Ossuary  | Reached skill level 13 in Maces & Flails
  5666 | D:5      | Found a staircase to the Ecumenical Temple.
  5752 | D:5      | Received a gift from Trog
  5772 | D:5      | Found a shadowy altar of Dithmenos.
  5796 | D:5      | Found a hazy altar of Hepliaklqana.
  5915 | D:5      | Reached XP level 9. HP: 70/71 MP: 8/8
  6036 | Temple   | Entered the Ecumenical Temple
  6427 | D:6      | Found a glowing drain.
  6432 | D:6      | Reached skill level 14 in Maces & Flails
  6459 | Sewer    | Entered a sewer
  6483 | Sewer    | Noticed Purgy
  6490 | Sewer    | Killed Purgy
  6969 | D:6      | Found a runed door.
  7038 | D:6      | Found a bloodstained altar of Trog.
  7246 | D:6      | Noticed Crazy Yiuf
  7249 | D:6      | Killed Crazy Yiuf
  7741 | D:7      | Reached skill level 15 in Maces & Flails
  8161 | D:8      | Noticed Prince Ribbit
  8174 | D:8      | Killed Prince Ribbit
  8219 | D:8      | Noticed a two-headed ogre
  8226 | D:8      | Killed a two-headed ogre
  8226 | D:8      | Reached skill level 16 in Maces & Flails
  8226 | D:8      | Reached XP level 10. HP: 42/78 MP: 9/9
  8427 | D:8      | Noticed Gastronok
  9069 | D:8      | Killed Gastronok
  9069 | D:8      | Reached skill level 17 in Maces & Flails
  9288 | D:9      | Reached skill level 18 in Maces & Flails
  9362 | D:9      | Found an iron altar of Okawaru.
  9859 | D:10     | Entered Level 10 of the Dungeon
  9880 | D:10     | Noticed a deep elf mage
  9894 | D:10     | Killed a deep elf mage
 10057 | D:10     | Reached XP level 11. HP: 81/83 MP: 10/10
 10339 | D:10     | Noticed a two-headed ogre
 10352 | D:10     | Reached skill level 19 in Maces & Flails
 10360 | D:10     | HP: 3/83 [two-headed ogre/giant club (3)]
 10362 | D:10     | HP: 1/83 [crimson imp (2)]
 10774 | D:11     | Noticed an eight-headed hydra
 10782 | D:11     | HP: 5/124 [eight-headed hydra (5)]
 10784 | D:11     | Killed an eight-headed hydra
 11151 | D:11     | Found a staircase to the Lair.
 11641 | D:11     | Found a staircase to the Orcish Mines.
 11651 | D:11     | Received a gift from Trog
 12006 | D:11     | Noticed Grum
 12027 | D:11     | Killed Grum
 12360 | D:11     | Reached skill level 20 in Maces & Flails
 12361 | D:11     | Slain by an orc warrior

Vault maps used:
D:1:      minmay_arrival_checkered_box
D:2:      kb_forest_paths, serial_bayou_pond_b
D:3:      first_ration, grunt_decor_mini_mirrors, minmay_distorted
D:4:      minmay_a_box_with_orc_wizards_in_it, uniq_menkaure, uniq_sigmund,
          uniq_natasha
D:5:      nicolae_overflow_hidden_temple, temple_hall,
          nicolae_ossuary_entry_catacombs, grunt_dithmenos_smoke_and_mirrors
D:6:      marbit_many_paths, portal_sewer_entry_b, uniq_crazy_yiuf_cottage
D:8:      uniq_prince_ribbit1, uniq_gastronok
D:9:      okawaru_ov_weapons_minmay
D:10:     minmay_the_grid_net, grunt_livestock, glass_columns_c
D:11:     david_lair_shrubbed, david_orc_3, minmay_tree_intersection, uniq_grum
Temple:   minmay_crystal_spiral_temple
Sewer:    sewer_co_purgy_island
Ossuary:  minmay_ossuary_two_tombs

Skill      XL: |  1  2  3  4  5  6  7  8  9 10 11 |
---------------+----------------------------------+-----
Maces & Flails | 4 5 6 7 9 11 13 16 18 20 | 20.0
Fighting       | |  3.9
Armour         | |  2.5
Dodging        | |  2.3

Action                   |  1- 3 |  4- 6 |  7- 9 | 10-12 || total
-------------------------+-------+-------+-------+-------++-------
Melee: Mace              |    83 |   122 |       |       ||   205
       Headbutt          |    13 |    25 |    82 |    39 ||   159
       Flail             |       |    38 |   226 |       ||   264
       Great mace        |       |       |   157 |   229 ||   386
Invok: Berserk           |       |     1 |     7 |     4 ||    12
       Trog's Hand       |       |       |       |     1 ||     1
  Use: Scroll            |       |     3 |     6 |       ||     9
  Eat: Chunk             |     2 |     8 |    15 |    16 ||    41
       Ration            |       |       |     2 |     2 ||     4
Armor: Animal skin       |    19 |       |       |       ||    19
       Ring mail         |     2 |    44 |   103 |       ||   149
       Plate armour      |       |       |    32 |    93 ||   125
Dodge: Dodged            |    79 |    74 |   153 |    66 ||   372

Table legend:
 A = Spawn XP
 B = Non-spawn XP
 C = Spawn XP percentage of total XP
 D = Spawn monster count
 E = Non-spawn monster count
 F = Spawn count percentage of total count
 G = Total turns spent on level
                    A         B        C        D         E        F      G
               +---------+---------+-------+---------+---------+-------+---------
         Total |       0 |   16695 |   0.0 |       0 |     311 |   0.0 | 12361
               +---------+---------+-------+---------+---------+-------+---------
           D:1 |       0 |      49 |   0.0 |       0 |      28 |   0.0 |  1058
           D:2 |       0 |      58 |   0.0 |       0 |      17 |   0.0 |  1091
           D:3 |       0 |     397 |   0.0 |       0 |      52 |   0.0 |  1208
           D:4 |       0 |    1170 |   0.0 |       0 |      24 |   0.0 |  1511
           D:5 |       0 |     809 |   0.0 |       0 |      19 |   0.0 |   878
           D:6 |       0 |     468 |   0.0 |       0 |      18 |   0.0 |   819
           D:7 |       0 |    1011 |   0.0 |       0 |      29 |   0.0 |   916
           D:8 |       0 |    4281 |   0.0 |       0 |      19 |   0.0 |   968
           D:9 |       0 |    1166 |   0.0 |       0 |      18 |   0.0 |   692
          D:10 |       0 |    2843 |   0.0 |       0 |      18 |   0.0 |   514
          D:11 |       0 |    3924 |   0.0 |       0 |      24 |   0.0 |  1988
         Sewer |       0 |     161 |   0.0 |       0 |       7 |   0.0 |   199
       Ossuary |       0 |     358 |   0.0 |       0 |      38 |   0.0 |   351
               +---------+---------+-------+---------+---------+-------+---------
